TOP OF THE 1ST |
Altoona Curve batting - Pitching for San Jose Giants : RHP Jim Sprayberry
|
Pitching: RHP Jim Sprayberry
|
|
Batting: RHB Ron Corn
|
0-0: Foul Ball, location: 2F 0-1: Foul Ball, location: 2F 0-2: SINGLE (Groundball, 34D, EV 100.0 MPH)
|
Batting: LHB Phil DeCamp
|
0-0: Foul Ball, location: 2F 0-1: Fly out, F9 (Line Drive, 9, EV 85.6 MPH)
|
Batting: RHB Zach Chmieleski
|
0-0: Called Strike Ron Corn steals 2nd base 0-1: Ball 1-1: Swinging Strike 1-2: Strikes out looking
|
Batting: LHB Marc Carter
|
0-0: Ball 1-0: Ball 2-0: Foul Ball, location: 2F 2-1: Swinging Strike 2-2: Foul Ball, location: 2F 2-2: Foul Ball, location: 2F 2-2: Ball 3-2: Foul Ball, location: 2F 3-2: Strikes out looking
|
Top of the 1st over - 0 runs, 1 hit, 0 errors, 1 left on base; Altoona 0 - San Jose 0 |
BOTTOM OF THE 1ST |
San Jose Giants batting - Pitching for Altoona Curve : LHP Don Quiponch
|
Pitching: LHP Don Quiponch
|
|
Batting: RHB Yutaka Oki
|
0-0: SINGLE (Line Drive, 6D, EV 94.4 MPH)
|
Batting: RHB Justin Baldwin
|
0-0: Fly out, F8 (Flyball, 89D, EV 103.8 MPH)
|
Batting: RHB Adam Solesbee
|
0-0: DOUBLE (Line Drive, 9LD, EV 101.9 MPH) Yutaka Oki to third
|
Batting: RHB Dinand Brouwer
|
0-0: Swinging Strike 0-1: Foul Ball, location: 2F 0-2: Ball 1-2: Ball 2-2: Ball 3-2: SINGLE (Groundball, 6D, EV 101.9 MPH) Yutaka Oki scores Adam Solesbee to third
|
Batting: RHB Nick Wicker
|
0-0: Called Strike 0-1: Foul Ball, location: 2F 0-2: Foul Ball, location: 2F 0-2: Ball 1-2: Fly out, F8 (Flyball, 8RD, EV 100.0 MPH)
|
Batting: SHB David Barona
|
0-0: Called Strike 0-1: DOUBLE (Line Drive, 8RD, EV 101.9 MPH) Adam Solesbee scores Dinand Brouwer to third
|
Batting: LHB Tony Galvan
|
0-0: Called Strike 0-1: Ball 1-1: Ball 2-1: Ground out 4-3 (Groundball, 4, EV 81.9 MPH)
|
Bottom of the 1st over - 2 runs, 4 hits, 0 errors, 2 left on base; Altoona 0 - San Jose 2 |
TOP OF THE 2ND |
Altoona Curve batting - Pitching for San Jose Giants : RHP Jim Sprayberry
|
Batting: SHB Mike Corley
|
0-0: Called Strike 0-1: Ball 1-1: Foul Ball, location: 2F 1-2: Strikes out swinging
|
Batting: RHB John Goynes
|
0-0: Called Strike 0-1: Ball 1-1: Ground out 6-3 (Groundball, 6, EV 91.9 MPH)
|
Batting: RHB Chris McCoy
|
0-0: Ball 1-0: Foul Ball, location: 2F 1-1: Ball 2-1: SINGLE (Groundball, 6MD, EV 96.2 MPH)
|
Batting: SHB Curtis Thompson
|
0-0: Ball Chris McCoy is caught stealing 2nd base 2-6
|
Top of the 2nd over - 0 runs, 1 hit, 0 errors, 0 left on base; Altoona 0 - San Jose 2 |
BOTTOM OF THE 2ND |
San Jose Giants batting - Pitching for Altoona Curve : LHP Don Quiponch
|
Batting: LHB Jared Paige
|
0-0: Ball 1-0: Ball 2-0: Called Strike 2-1: Ball 3-1: Called Strike 3-2: Fly out, F8 (Flyball, 8LS, EV 84.4 MPH)
|
Batting: LHB Willie Ceniceros
|
0-0: Called Strike 0-1: Foul Ball, location: 2F 0-2: Ball 1-2: Fly out, F5 (Popup, 5F, EV 73.8 MPH)
|
Batting: RHB Yutaka Oki
|
0-0: Foul Ball, location: 2F 0-1: Ground out 2-3 (Groundball, 2L, EV 64.4 MPH)
|
Bottom of the 2nd over - 0 runs, 0 hits, 0 errors, 0 left on base; Altoona 0 - San Jose 2 |
TOP OF THE 3RD |
Altoona Curve batting - Pitching for San Jose Giants : RHP Jim Sprayberry
|
Batting: SHB Curtis Thompson
|
0-0: Swinging Strike 0-1: Ball 1-1: SINGLE (Line Drive, 6D, EV 97.5 MPH)
|
Batting: RHB John DeVillier
|
0-0: Called Strike 0-1: Foul Ball, location: 2F 0-2: Ball 1-2: Strikes out looking
|
Batting: RHB Ron Corn
|
0-0: Ball 1-0: Ball 2-0: Ball 3-0: Base on Balls Curtis Thompson to second
|
Batting: LHB Phil DeCamp
|
0-0: Ball 1-0: Called Strike 1-1: Called Strike 1-2: Strikes out swinging
|
Batting: RHB Zach Chmieleski
|
0-0: Called Strike 0-1: Ball 1-1: DOUBLE (Groundball, 5L, EV 104.4 MPH) Curtis Thompson scores Ron Corn to third Runner from 3rd tries for Home, throw by LF and OUT! 7-6-2
|
Top of the 3rd over - 1 run, 2 hits, 0 errors, 1 left on base; Altoona 1 - San Jose 2 |
BOTTOM OF THE 3RD |
San Jose Giants batting - Pitching for Altoona Curve : LHP Don Quiponch
|
Batting: RHB Justin Baldwin
|
0-0: Fly out, F8 (Flyball, 8LM, EV 83.8 MPH)
|
Batting: RHB Adam Solesbee
|
0-0: Foul Ball, location: 2F 0-1: Fly out, F7 (Flyball, 7D, EV 95.6 MPH)
|
Batting: RHB Dinand Brouwer
|
0-0: Ball 1-0: Ball 2-0: Ball 3-0: Base on Balls
|
Batting: RHB Nick Wicker
|
0-0: Called Strike 0-1: Fielders Choice at 2nd, 6-4 (Groundball, 6, EV 81.2 MPH)
|
Bottom of the 3rd over - 0 runs, 0 hits, 0 errors, 1 left on base; Altoona 1 - San Jose 2 |
TOP OF THE 4TH |
Altoona Curve batting - Pitching for San Jose Giants : RHP Jim Sprayberry
|
Batting: LHB Marc Carter
|
0-0: Called Strike 0-1: Ball 1-1: Reached on error, E6 (Groundball, 6MS, EV 68.1 MPH)
|
Batting: SHB Mike Corley
|
0-0: Ball 1-0: Ball 2-0: Ground out U3 (Groundball, 3L, EV 104.4 MPH) Marc Carter to third
|
Batting: RHB John Goynes
|
0-0: Ball 1-0: Ball 2-0: Ground out 6-3 (Groundball, 6, EV 85.0 MPH)
|
Batting: RHB Chris McCoy
|
0-0: Called Strike 0-1: Reached on error, E3 (Groundball, 34S, EV 90.0 MPH) Marc Carter scores
|
Batting: SHB Curtis Thompson
|
0-0: Foul Ball, location: 2F 0-1: Called Strike 0-2: Ball 1-2: Ball 2-2: Strikes out swinging
|
Top of the 4th over - 1 run, 0 hits, 2 errors, 1 left on base; Altoona 2 - San Jose 2 |
BOTTOM OF THE 4TH |
San Jose Giants batting - Pitching for Altoona Curve : LHP Don Quiponch
|
Batting: SHB David Barona
|
0-0: Ball 1-0: DOUBLE (Flyball, 78D, EV 108.1 MPH)
|
Batting: LHB Tony Galvan
|
0-0: Called Strike 0-1: Foul Ball, location: 2F 0-2: Foul Ball, location: 2F 0-2: Ball 1-2: Ball 2-2: Fly out, F8 (Flyball, 89M, EV 92.5 MPH) Runner from 2nd tags up, OUT at 3rd! 8-5
|
Batting: LHB Jared Paige
|
0-0: Called Strike 0-1: Reached on error, E3 (Groundball, 3, EV 100.6 MPH)
|
Batting: LHB Willie Ceniceros
|
0-0: Called Strike 0-1: Ball 1-1: Swinging Strike 1-2: Ball 2-2: Strikes out swinging
|
Bottom of the 4th over - 0 runs, 1 hit, 1 error, 1 left on base; Altoona 2 - San Jose 2 |
TOP OF THE 5TH |
Altoona Curve batting - Pitching for San Jose Giants : RHP Jim Sprayberry
|
Batting: RHB John DeVillier
|
0-0: Ball 1-0: Ball 2-0: Foul Ball, location: 2F 2-1: Foul Ball, location: 2F 2-2: Foul Ball, location: 2F 2-2: Strikes out swinging
|
Batting: RHB Ron Corn
|
0-0: Fly out, F9 (Line Drive, 9LS, EV 86.2 MPH)
|
Batting: LHB Phil DeCamp
|
0-0: Called Strike 0-1: Ball 1-1: Foul Ball, location: 2F 1-2: Strikes out looking
|
Top of the 5th over - 0 runs, 0 hits, 0 errors, 0 left on base; Altoona 2 - San Jose 2 |
BOTTOM OF THE 5TH |
San Jose Giants batting - Pitching for Altoona Curve : LHP Don Quiponch
|
Batting: RHB Yutaka Oki
|
0-0: SINGLE (Line Drive, 8RS, EV 104.4 MPH)
|
Batting: RHB Justin Baldwin
|
0-0: Ball 1-0: Called Strike 1-1: Ball 2-1: Swinging Strike 2-2: Ball 3-2: Base on Balls Yutaka Oki to second
|
Batting: RHB Adam Solesbee
|
0-0: Ball 1-0: Ball 2-0: Foul Ball, location: 2F 2-1: Called Strike Justin Baldwin is caught stealing 2nd base 2-4 Yutaka Oki advances to 3rd base 2-2: Ball 3-2: Foul Ball, location: 2F 3-2: Foul Ball, location: 2F 3-2: Base on Balls
|
Batting: RHB Dinand Brouwer
|
0-0: Grounds into double play, 1-6-3 (Groundball, 13S, EV 67.5 MPH)
|
Bottom of the 5th over - 0 runs, 1 hit, 0 errors, 1 left on base; Altoona 2 - San Jose 2 |
TOP OF THE 6TH |
Altoona Curve batting - Pitching for San Jose Giants : RHP Jim Sprayberry
|
Batting: RHB Zach Chmieleski
|
0-0: Fly out, F8 (Line Drive, 89M, EV 88.8 MPH)
|
Batting: LHB Marc Carter
|
0-0: Ball 1-0: Called Strike 1-1: Fly out, F5 (Popup, 5SF, EV 77.5 MPH)
|
Batting: SHB Mike Corley
|
0-0: Called Strike 0-1: Swinging Strike 0-2: Foul Ball, location: 2F 0-2: Strikes out swinging
|
Top of the 6th over - 0 runs, 0 hits, 0 errors, 0 left on base; Altoona 2 - San Jose 2 |
BOTTOM OF THE 6TH |
San Jose Giants batting - Pitching for Altoona Curve : LHP Don Quiponch
|
Batting: RHB Nick Wicker
|
0-0: Ground out 4-3 (Groundball, 4, EV 87.5 MPH)
|
Batting: SHB David Barona
|
0-0: Called Strike 0-1: Fly out, F7 (Flyball, 7, EV 93.1 MPH)
|
Batting: LHB Tony Galvan
|
0-0: Ball 1-0: Called Strike 1-1: Ball 2-1: Foul Ball, location: 2F 2-2: SINGLE (Groundball, 4D, EV 100.0 MPH)
|
Batting: LHB Jared Paige
|
0-0: Called Strike 0-1: Ball 1-1: Called Strike 1-2: Ball 2-2: Foul Ball, location: 2F 2-2: Ball 3-2: Strikes out swinging
|
Bottom of the 6th over - 0 runs, 1 hit, 0 errors, 1 left on base; Altoona 2 - San Jose 2 |
TOP OF THE 7TH |
Altoona Curve batting - Pitching for San Jose Giants : RHP Jim Sprayberry
|
Batting: RHB John Goynes
|
0-0: Ball 1-0: Called Strike 1-1: Ball 2-1: Called Strike 2-2: Ball 3-2: Foul Ball, location: 2F 3-2: Foul Ball, location: 2F 3-2: Ground out 4-3 (Groundball, 34, EV 86.2 MPH)
|
Batting: RHB Chris McCoy
|
0-0: Swinging Strike 0-1: Ball 1-1: SINGLE (Groundball, 34D, EV 106.2 MPH)
|
Pitching: LHP Gil Longoria
|
|
Batting: SHB Curtis Thompson
|
0-0: Fly out, F8 (Flyball, 8RM, EV 81.9 MPH)
|
Batting: RHB John DeVillier
|
0-0: Ball 1-0: Ground out U3 (Groundball, 3L, EV 96.2 MPH)
|
Top of the 7th over - 0 runs, 1 hit, 0 errors, 1 left on base; Altoona 2 - San Jose 2 |
BOTTOM OF THE 7TH |
San Jose Giants batting - Pitching for Altoona Curve : LHP Don Quiponch
|
Batting: LHB Willie Ceniceros
|
0-0: Swinging Strike 0-1: Foul Ball, location: 2F 0-2: Ground out 4-3 (Groundball, 34, EV 80.0 MPH)
|
Batting: RHB Yutaka Oki
|
0-0: DOUBLE (Line Drive, 5D, EV 100.6 MPH)
|
Batting: RHB Justin Baldwin
|
0-0: Fly out, F4 (Line Drive, 4, EV 66.9 MPH)
|
Batting: RHB Adam Solesbee
|
0-0: Ball 1-0: Ball 2-0: Called Strike 2-1: Ball 3-1: Foul Ball, location: 2F 3-2: Base on Balls
|
Batting: RHB Dinand Brouwer
|
0-0: Ball 1-0: Ball 2-0: SINGLE (Groundball, 56D, EV 103.8 MPH) Yutaka Oki to third Adam Solesbee to second Runner from 3rd tries for Home, throw by LF and OUT! 7-2
|
Bottom of the 7th over - 0 runs, 2 hits, 0 errors, 2 left on base; Altoona 2 - San Jose 2 |
TOP OF THE 8TH |
Altoona Curve batting - Pitching for San Jose Giants : LHP Gil Longoria
|
Batting: RHB Ron Corn
|
0-0: Called Strike 0-1: Foul Ball, location: 2F 0-2: Foul Ball, location: 2F 0-2: Ball 1-2: Foul Ball, location: 2F 1-2: Strikes out swinging
|
Batting: RHB Etsuro Hosokawa
|
0-0: Ball 1-0: Foul Ball, location: 2F 1-1: Foul Ball, location: 2F 1-2: SINGLE (Line Drive, 9LS, EV 89.4 MPH)
|
Batting: RHB Zach Chmieleski
|
0-0: Called Strike 0-1: Ball Wild Pitch! Etsuro Hosokawa to second 1-1: Intentional Walk
|
Batting: LHB Marc Carter
|
0-0: Ball 1-0: Foul Ball, location: 2F 1-1: Foul Ball, location: 2F 1-2: Strikes out swinging
|
Batting: SHB Mike Corley
|
0-0: Ball 1-0: Called Strike 1-1: Foul Ball, location: 2F 1-2: Strikes out swinging
|
Top of the 8th over - 0 runs, 1 hit, 0 errors, 2 left on base; Altoona 2 - San Jose 2 |
BOTTOM OF THE 8TH |
San Jose Giants batting - Pitching for Altoona Curve : LHP Don Quiponch
|
Pitching: RHP Kwang-sik Kim
|
|
Pinch Hitting: LHB Cesar Arteaga
|
0-0: Ball 1-0: Ball 2-0: Ball 3-0: Base on Balls
|
Batting: SHB David Barona
|
0-0: Bunt missed! 0-1: Ball Cesar Arteaga steals 2nd, throwing error, E2 Cesar Arteaga to third 1-1: Ball 2-1: Called Strike 2-2: Ball 3-2: Strikes out swinging
|
Batting: LHB Tony Galvan
|
0-0: Foul Ball, location: 2F 0-1: Foul Ball, location: 2F 0-2: Ball 1-2: 2-RUN HOME RUN (Flyball, 89XD, EV 98.8 MPH), Distance : 419 ft
|
Batting: LHB Jared Paige
|
0-0: Ball 1-0: Called Strike 1-1: Foul Ball, location: 2F 1-2: Strikes out swinging
|
Batting: LHB Willie Ceniceros
|
0-0: Ball 1-0: Called Strike 1-1: Called Strike 1-2: Foul Ball, location: 2F 1-2: SINGLE (Groundball, 4MD, EV 96.2 MPH)
|
Batting: RHB Yutaka Oki
|
0-0: Swinging Strike 0-1: Ball 1-1: Foul Ball, location: 2F 1-2: Strikes out swinging
|
Bottom of the 8th over - 2 runs, 2 hits, 1 error, 1 left on base; Altoona 2 - San Jose 4 |
TOP OF THE 9TH |
Altoona Curve batting - Pitching for San Jose Giants : LHP Gil Longoria
|
Pitching: RHP Lorenzo de Jesus
|
|
Now at 1B: Cesar Arteaga
|
|
Now at 3B: Dinand Brouwer
|
|
Now in LF: Josh Straub
|
|
Batting: RHB John Goynes
|
0-0: Swinging Strike 0-1: Ball 1-1: Foul Ball, location: 2F 1-2: Strikes out swinging
|
Batting: RHB Chris McCoy
|
0-0: Called Strike 0-1: Foul Ball, location: 2F 0-2: Strikes out swinging, 2-3 out at first.
|
Batting: SHB Curtis Thompson
|
0-0: Foul Ball, location: 2F 0-1: Ball 1-1: Ball 2-1: Swinging Strike 2-2: Foul Ball, location: 2F 2-2: Strikes out swinging
|
Top of the 9th over - 0 runs, 0 hits, 0 errors, 0 left on base; Altoona 2 - San Jose 4 |
|